[Event "Titled Tuesday Blitz March 14 Early 2023"]
[White "Makhnev, Denis"]
[Black "Shimanov, Aleksandr"]
[WhiteFideId "13707647"]
[BlackFideId "4198603"]
[WhiteElo "2525"]
[BlackElo "2631"]
[Result "1-0"]
[Round "10"]
[TimeControl "180+2"]
[Date "2023.03.14"]
[WhiteClock "0:00:04"]
[BlackClock "0:00:01"]

1. d4 g6 2. Nc3 d5 3. h4 Nf6 4. Bf4 c6 5. e3 Bg7 6. Be2 h5 7. Nf3 Bg4 8. Ne5 Bxe2 9. Qxe2 Nbd7 10. O-O-O Qa5 11. Kb1 Nb6 12. f3 Nfd7 13. Nxd7 Nxd7 14. e4 Nb6 15. exd5 Nxd5 16. Nxd5 Qxd5 17. Be5 Bxe5 18. dxe5 Qe6 19. Rd4 Kf8 20. Rhd1 Kg7 21. f4 a5 22. a4 Rhb8 23. g3 b5 24. b3 c5 25. Re4 c4 26. axb5 cxb3 27. c4 a4 28. Qd3 Rc8 29. Rd4 Rab8 30. Kb2 Qb6 31. Ra1 Ra8 32. Qc3 Rd8 33. Rxd8 Rxd8 34. Rxa4 Qf2+ 35. Kxb3 Qe2 36. Ra2 Qd1+ 37. Qc2 Rd3+ 38. Kb4 Qe1+ 39. Ka4 Qe3 40. Qb2 Qc5 41. Qc2 Rd4 42. Kb3 Rd7 43. Qc3 Qg1 44. Kb4 Qb1+ 45. Rb2 Qg1 46. c5 Rd4+ 47. Ka5 Qa1+ 48. Kb6 Rd8 49. c6 Qd1 50. c7 Ra8 51. c8=Q Qg1+ 52. Q8c5 Qh1 53. Qxe7 Rb8+ 54. Ka5 Ra8+ 55. Kb4 Qe4+ 56. Qc4 Qe1+ 57. Qc3 Qe4+ 58. Qc4 Qe1+ 59. Kc5 Qe3+ 60. Kd6 Qb6+ 61. Qc6 Qd4+ 62. Kc7 Qa7+ 63. Qb7 Qa5+ 64. b6 Qc3+ 65. Qc6 1-0


[Site "https://www.chess.com"]

[Event "Titled Tuesday Blitz March 14 Early 2023"]
[White "Nguyen, Ngoc Truong Son"]
[Black "Smirnov, Pavel"]
[WhiteFideId "12401110"]
[BlackFideId "4123425"]
[WhiteElo "2571"]
[BlackElo "2519"]
[Result "1-0"]
[Round "10"]
[TimeControl "180+2"]
[Date "2023.03.14"]
[WhiteClock "0:00:10"]
[BlackClock "0:00:11"]

1. d4 Nf6 2. c4 d5 3. Nc3 c6 4. Nf3 e6 5. Bg5 h6 6. Bh4 dxc4 7. e4 b5 8. e5 g5 9. Nxg5 hxg5 10. Bxg5 Nbd7 11. exf6 Bb7 12. g3 c5 13. d5 Qb6 14. Bg2 O-O-O 15. O-O b4 16. Na4 Qa6 17. a3 Bxd5 18. Bxd5 Ne5 19. axb4 Rxd5 20. Qe2 cxb4 21. Nc3 Qc6 22. Ne4 Rd3 23. f3 Bc5+ 24. Kg2 Bd4 25. Ra5 Rb3 26. Nd2 Rxb2 27. Rxe5 Bxe5 28. Qxe5 c3 29. Rf2 c2 30. Ne4 c1=Q 31. Rxb2 Qd1 32. Rd2 Qdc1 33. Bf4 Kb7 34. Rd7+ Qxd7 35. Bxc1 Qd1 36. Qb5+ Kc8 37. Qc6+ Kd8 38. Qa8+ Kd7 39. Qb7+ Kd8 40. Qe7+ Kc8 41. Nd6+ 1-0


[Site "https://www.chess.com"]

[Event "Titled Tuesday Blitz March 14 Early 2023"]
[White "Rustemov, Alexander"]
[Black "EREBUNI91"]
[WhiteFideId "4119002"]
[WhiteElo "2926"]
[BlackElo "2773"]
[Result "1-0"]
[Round "10"]
[TimeControl "180+2"]
[Date "2023.03.14"]
[WhiteClock "0:00:13"]
[BlackClock "0:00:02"]

1. d4 Nf6 2. c4 e6 3. Nf3 d5 4. Nc3 Bb4 5. Bg5 h6 6. Bxf6 Qxf6 7. e3 O-O 8. Qb3 c5 9. cxd5 exd5 10. dxc5 Bxc3+ 11. Qxc3 Qxc3+ 12. bxc3 Be6 13. Nd4 Nd7 14. c6 bxc6 15. Nxc6 Nf6 16. Bd3 Rfe8 17. Kd2 Ne4+ 18. Bxe4 dxe4 19. Nd4 Bc4 20. Rhb1 Bd3 21. Rb7 Reb8 22. Rb3 a5 23. Rc1 a4 24. Rb4 g6 25. a3 Rc8 26. c4 Rc5 27. f3 Kg7 28. fxe4 Bxe4 29. g3 h5 30. Rb5 Rc7 31. c5 h4 32. c6 hxg3 33. hxg3 Rh8 34. Re5 Rh2+ 35. Kc3 Bxc6 36. Rc5 Ra2 37. Rxc6 Rxa3+ 38. Kd2 Re7 39. R6c3 Ra2+ 40. R1c2 Ra1 41. Rc7 Rxc7 42. Rxc7 a3 43. Ra7 a2 44. Ne2 Kh6 45. Ra5 f5 46. e4 fxe4 47. Ke3 g5 48. g4 Rh1 49. Ra6+ Kg7 50. Rxa2 Rh4 51. Ra7+ Kg6 52. Ra6+ Kg7 53. Kxe4 Rxg4+ 54. Kf5 Rg2 55. Ra7+ Kf8 56. Nd4 Rf2+ 57. Ke6 g4 58. Ra8+ Kg7 59. Nf5+ Kh7 60. Kf6 g3 61. Ra7+ Kg8 62. Rg7+ Kf8 63. Rxg3 Ke8 64. Rd3 Rf1 65. Ke6 Kf8 66. Rd8# 1-0


[Site "https://www.chess.com"]

[Event "Titled Tuesday Blitz March 14 Early 2023"]
[White "Liyanage, Ranindu Dilshan"]
[Black "Zhigalko, Sergei"]
[WhiteFideId "9915834"]
[BlackFideId "13502956"]
[WhiteElo "2199"]
[BlackElo "2626"]
[Result "1/2-1/2"]
[Round "10"]
[TimeControl "180+2"]
[Date "2023.03.14"]
[WhiteClock "0:00:09"]
[BlackClock "0:00:08"]

1. e4 c5 2. Nc3 Nc6 3. Bb5 Nd4 4. Bc4 e6 5. Nge2 Nf6 6. O-O a6 7. a4 Qc7 8. d3 Be7 9. Ba2 Nc6 10. f4 Nb4 11. e5 Nxa2 12. Rxa2 Nd5 13. Nxd5 exd5 14. f5 Qxe5 15. d4 cxd4 16. Nxd4 O-O 17. c3 Bc5 18. b4 Bxd4+ 19. Qxd4 d6 20. Bf4 Qxd4+ 21. cxd4 Bxf5 22. Bxd6 Rfd8 23. Be7 Bd3 24. Bxd8 Bxf1 25. Kxf1 Rxd8 26. Rc2 g6 27. Rc7 Re8 28. Rd7 Rc8 29. Rxb7 Rc4 30. Ke2 Rxd4 31. Ke3 Rc4 32. a5 h5 33. b5 axb5 34. Rxb5 d4+ 35. Kd3 Ra4 36. Rd5 Kg7 37. g3 Kf6 38. Rxd4 Rxa5 39. Ke3 Rf5 40. h4 Ke6 41. Ra4 Rf1 42. Ra6+ Kf5 43. Ra4 Ke5 44. Rb4 Kf6 45. Ra4 Kg7 46. Rb4 Rf5 47. Ra4 f6 48. Ra7+ Kh6 49. Ra6 g5 50. hxg5+ Kxg5 51. Ra4 Rf1 52. Rb4 Rf5 53. Ra4 Rb5 54. Rc4 f5 55. Ra4 Rb3+ 56. Kf2 Rc3 57. Kg2 Rc8 58. Ra5 Rc2+ 59. Kf3 Rc3+ 60. Kf2 Rc4 61. Kf3 Rb4 62. Rc5 h4 63. gxh4+ Rxh4 64. Rc8 Rh3+ 65. Kf2 Ra3 66. Rc4 Ra2+ 67. Kf3 Ra3+ 68. Kf2 Kf6 69. Rb4 Ke5 70. Rh4 Rb3 71. Ra4 Kf6 72. Ra5 Kg5 73. Ra4 f4 74. Ra8 Rb2+ 75. Kf3 Rb3+ 76. Kf2 Kf5 77. Rf8+ Ke4 78. Re8+ Kd5 79. Rd8+ Ke6 80. Rf8 Ke5 81. Re8+ Kf5 82. Rf8+ Kg4 83. Rg8+ Kf5 84. Rf8+ 1/2-1/2


[Site "https://www.chess.com"]

[Event "Titled Tuesday Blitz March 14 Early 2023"]
[White "Madaminov, Mukhiddin"]
[Black "Rohith Krishna S"]
[WhiteFideId "14210703"]
[BlackFideId "46617051"]
[WhiteElo "2511"]
[BlackElo "2270"]
[Result "1-0"]
[Round "10"]
[TimeControl "180+2"]
[Date "2023.03.14"]
[WhiteClock "0:00:30"]
[BlackClock "0:00:32"]

1. d4 Nf6 2. Nc3 d5 3. Bf4 c6 4. e3 Bf5 5. f3 Nbd7 6. g4 Bg6 7. h4 h5 8. g5 Ng8 9. Bd3 Bxd3 10. cxd3 e6 11. Nge2 Ne7 12. e4 Ng6 13. Bg3 Qb6 14. Qc2 f5 15. gxf6 gxf6 16. O-O-O Bh6+ 17. Kb1 Kf7 18. Bd6 Bf8 19. Bg3 Bh6 20. Bd6 Bf8 21. Bxf8 Raxf8 22. Rdg1 Rfg8 23. Qd2 Qd8 24. Qe3 Qe7 25. Nd1 e5 26. Nf2 b6 27. f4 Nxf4 28. Nxf4 exf4 29. Qxf4 Rxg1+ 30. Rxg1 Rg8 31. Rxg8 Kxg8 32. Qf5 Qg7 33. exd5 cxd5 34. Qxd5+ Kf8 35. a3 Qg1+ 36. Ka2 Qxf2 37. Qxd7 Qxh4 38. d5 Qd4 39. Qe6 Qe5 40. Qc8+ Ke7 41. Qb7+ Kd8 42. Qa8+ Kd7 43. Qxa7+ Kd6 44. Qxb6+ Kxd5 45. a4 h4 46. a5 h3 47. a6 Qe8 48. Qb7+ Kd4 49. Qb4+ Ke3 50. Qe1+ 1-0


[Site "https://www.chess.com"]

[Event "Titled Tuesday Blitz March 14 Early 2023"]
[White "Vakhlamov, Igor L."]
[Black "Samant Aditya S"]
[WhiteFideId "24126748"]
[BlackFideId "35080580"]
[WhiteElo "2400"]
[BlackElo "2362"]
[Result "1-0"]
[Round "10"]
[TimeControl "180+2"]
[Date "2023.03.14"]
[WhiteClock "0:01:15"]
[BlackClock "0:00:05"]

1. e4 c5 2. Nf3 d6 3. Nc3 Nf6 4. d4 cxd4 5. Qxd4 a6 6. e5 Nc6 7. Qa4 dxe5 8. Nxe5 Bd7 9. Nxd7 Qxd7 10. Be3 e6 11. Rd1 Qc8 12. g3 Be7 13. Bg2 O-O 14. O-O b5 15. Qf4 Rb8 16. Rfe1 Na5 17. Ba7 Rb7 18. Bxb7 Qxb7 19. Bd4 Nc4 20. Ne4 Nd5 21. Qf3 e5 22. Nc3 Rd8 23. Bxe5 Nxe5 24. Rxe5 1-0


[Site "https://www.chess.com"]

[Event "Titled Tuesday Blitz March 14 Early 2023"]
[White "Real_OceanStorm"]
[Black "Chen, Justin"]
[BlackFideId "2098199"]
[WhiteElo "2814"]
[BlackElo "2289"]
[Result "1-0"]
[Round "10"]
[TimeControl "180+2"]
[Date "2023.03.14"]
[WhiteClock "0:01:26"]
[BlackClock "0:00:02"]

1. d4 d5 2. Nf3 Nf6 3. c4 dxc4 4. Nc3 a6 5. e4 b5 6. d5 e6 7. Bg5 Be7 8. a4 exd5 9. axb5 dxe4 10. Qxd8+ Bxd8 11. Ne5 O-O 12. Bxc4 Bb7 13. O-O axb5 14. Rxa8 Bxa8 15. Nxb5 Nc6 16. Bxf6 Bxf6 17. Nd7 Rc8 18. Nxf6+ gxf6 19. Bd5 Nd4 20. Bxa8 Ne2+ 21. Kh1 Rxa8 22. Nxc7 Rb8 23. Nd5 Kg7 24. b4 Rb5 25. Rd1 Rb7 26. g3 f5 27. Kg2 f4 28. gxf4 Rd7 29. Ne3 Rxd1 30. Nxd1 Nxf4+ 31. Kf1 Nd5 32. b5 f5 33. Ne3 Nc3 34. b6 1-0


[Site "https://www.chess.com"]

[Event "Titled Tuesday Blitz March 14 Early 2023"]
[White "Papasimakopoulos, Alexandros"]
[Black "Galchenko, Matvey"]
[WhiteFideId "4244125"]
[BlackFideId "24175480"]
[WhiteElo "2359"]
[BlackElo "2404"]
[Result "1/2-1/2"]
[Round "10"]
[TimeControl "180+2"]
[Date "2023.03.14"]
[WhiteClock "0:00:23"]
[BlackClock "0:00:04"]

1. d4 Nf6 2. c4 c5 3. d5 e6 4. Nc3 exd5 5. cxd5 d6 6. Nf3 g6 7. Bf4 Bg7 8. Qa4+ Bd7 9. Qb3 b5 10. Bxd6 Qb6 11. Be5 O-O 12. e3 c4 13. Qd1 b4 14. Nb1 Rc8 15. Nbd2 Bb5 16. Rc1 c3 17. bxc3 Bxf1 18. Kxf1 bxc3 19. Rxc3 Nbd7 20. Rxc8+ Rxc8 21. Bd4 Qb5+ 22. Kg1 Nxd5 23. Nb3 Bxd4 24. Nfxd4 Nc3 25. Qf1 Qb6 26. a3 a5 27. h3 a4 28. Nd2 Qd6 29. Nc4 Qc5 30. Nd2 Qxa3 31. Kh2 Qd6+ 32. g3 a3 33. Qa1 Nf6 34. Rc1 Nfd5 35. Ne4 Qb4 36. Nxc3 Rxc3 37. Rb1 Qc5 38. Rb8+ Kg7 39. Nf5+ gxf5 40. Qd1 Rc2 41. Qh5 Rxf2+ 42. Kg1 Qxe3 43. Rb3 Rf1+ 44. Kxf1 Qxb3 45. Qg5+ Kf8 46. Qd8+ Kg7 47. Qg5+ Kf8 48. Qd8+ Kg7 49. Qg5+ 1/2-1/2


[Site "https://www.chess.com"]

[Event "Titled Tuesday Blitz March 14 Early 2023"]
[White "Narayanan, Srinath"]
[Black "Lopez Mulet, Inigo"]
[WhiteFideId "5018420"]
[BlackFideId "22235620"]
[WhiteElo "2438"]
[BlackElo "2289"]
[Result "1-0"]
[Round "10"]
[TimeControl "180+2"]
[Date "2023.03.14"]
[WhiteClock "0:00:21"]
[BlackClock "0:00:29"]

1. Nf3 g6 2. c4 Bg7 3. g3 e5 4. Nc3 Nc6 5. Bg2 h5 6. d3 h4 7. Nxh4 Rxh4 8. gxh4 Qxh4 9. Ne4 f5 10. Bg5 Qh5 11. Bf3 Qh8 12. Nc3 Nd4 13. Nd5 Ne6 14. h4 c6 15. Nc3 d6 16. e3 Bd7 17. Qe2 Nf6 18. O-O-O O-O-O 19. Rdg1 Rg8 20. h5 gxh5 21. Bxf6 Bxf6 22. Bxh5 Rxg1+ 23. Rxg1 Bg5 24. Bf7 Qh4 25. Qf3 f4 26. Bxe6 Bxe6 27. Ne4 Be7 28. Rh1 Qg4 29. Qxg4 Bxg4 30. exf4 exf4 31. Rh7 Kd8 32. Rf7 Be2 33. Kd2 f3 34. Rg7 Kd7 35. Ng3 Ke6 36. Nxe2 fxe2 37. Kxe2 b5 38. b3 a5 39. f4 Bf6 40. Rb7 bxc4 41. bxc4 Kf5 42. Kf3 Bc3 43. Rb6 d5 44. Rxc6 dxc4 45. Rxc4 1-0


[Site "https://www.chess.com"]

[Event "Titled Tuesday Blitz March 14 Early 2023"]
[White "Bews, Steven"]
[Black "Sarana, Alexey"]
[WhiteFideId "2400529"]
[BlackFideId "24133795"]
[WhiteElo "2629"]
[BlackElo "2714"]
[Result "0-1"]
[Round "10"]
[TimeControl "180+2"]
[Date "2023.03.14"]
[WhiteClock "0:00:44"]
[BlackClock "0:02:00"]

1. e4 c5 2. Nf3 d6 3. d4 cxd4 4. Nxd4 Nf6 5. Nc3 a6 6. f3 e5 7. Nb3 Be6 8. Be3 Nbd7 9. Qd2 b5 10. g4 b4 11. Ne2 a5 12. Ng3 Nb6 13. Bb5+ Nfd7 14. O-O Be7 15. Bc6 Nc4 16. Qf2 Nxe3 17. Bxa8 Nxf1 18. Rxf1 Qxa8 19. Nf5 Bxf5 20. gxf5 O-O 21. Kh1 a4 22. Nd2 Qc6 23. Rg1 Kh8 24. Nf1 d5 25. exd5 Qxd5 26. Ne3 Qc6 27. Qg2 g6 28. Ng4 Bc5 29. fxg6 Qxg6 30. Re1 Bd4 31. Qd2 f5 32. Ne3 Rg8 33. Ng2 Nf6 34. c3 bxc3 35. bxc3 Bxc3 0-1


[Site "https://www.chess.com"]

[Event "Titled Tuesday Blitz March 14 Early 2023"]
[White "Rakhmatullaev, Almas"]
[Black "Pranav, V"]
[WhiteFideId "14205793"]
[BlackFideId "25060783"]
[WhiteElo "2221"]
[BlackElo "2500"]
[Result "0-1"]
[Round "10"]
[TimeControl "180+2"]
[Date "2023.03.14"]
[WhiteClock "0:00:04"]
[BlackClock "0:00:08"]

1. e4 c5 2. c3 g6 3. d4 cxd4 4. cxd4 Bg7 5. Nc3 d6 6. Be3 Nf6 7. f3 O-O 8. Bd3 Nc6 9. Nge2 e5 10. dxe5 dxe5 11. Bc4 Qe7 12. O-O Rd8 13. Nd5 Nxd5 14. Bxd5 Be6 15. Nc3 Nd4 16. Kh1 Rac8 17. Rc1 h5 18. Qd2 Kh7 19. f4 Bxd5 20. Nxd5 Rxc1 21. Qxc1 Qe6 22. f5 gxf5 23. Bxd4 exd4 24. Qg5 Rd7 25. Nf4 Qxe4 26. Nxh5 Qg4 27. Nf6+ Bxf6 28. Qxf6 d3 29. h3 Qg6 30. Qh4+ Kg7 31. Qa4 Qe6 32. Qa5 d2 33. Qc3+ f6 34. Rd1 Qe2 35. Qb3 Rd3 36. Qc2 Kg6 37. Kg1 Rg3 38. Rxd2 Rxg2+ 39. Kh1 Rh2+ 40. Kg1 Rg2+ 41. Kh1 Qf1# 0-1


[Site "https://www.chess.com"]

[Event "Titled Tuesday Blitz March 14 Early 2023"]
[White "Atakhan, Abtin"]
[Black "Vokhidov, Shamsiddin"]
[WhiteFideId "22502203"]
[BlackFideId "14204223"]
[WhiteElo "2008"]
[BlackElo "2570"]
[Result "0-1"]
[Round "10"]
[TimeControl "180+2"]
[Date "2023.03.14"]
[WhiteClock "0:00:02"]
[BlackClock "0:00:17"]

1. c4 e5 2. Nc3 Nf6 3. Nf3 Nc6 4. e4 Bb4 5. d3 d6 6. a3 Bxc3+ 7. bxc3 O-O 8. g3 Rb8 9. Bg2 b5 10. cxb5 Rxb5 11. O-O h6 12. h3 Be6 13. Qa4 Qb8 14. c4 Ra5 15. Qc2 Ra6 16. Be3 Qc8 17. Kh2 Nd7 18. Qc3 Nc5 19. Bxc5 dxc5 20. Nxe5 Nd4 21. f4 Rb6 22. f5 Bd7 23. Rab1 Qd8 24. Nf3 Nxf3+ 25. Bxf3 Bc6 26. Rbd1 Re8 27. Bh5 Ba4 28. Rd2 Rb3 29. Qa5 Bc6 30. Qxc5 Qg5 31. Rff2 Bxe4 32. Qxc7 Rf8 33. dxe4 Qxh5 34. Qf4 f6 35. Rc2 Qd1 36. Rc1 Qd4 37. Rd2 Qc5 38. Rcc2 Rb1 39. Qf2 Qxa3 40. c5 Qa4 41. Re2 Rc8 42. h4 Qa1 43. c6 Rf1 44. Qc5 Rh1+ 45. Kg2 Qf1# 0-1


[Site "https://www.chess.com"]

[Event "Titled Tuesday Blitz March 14 Early 2023"]
[White "Fernandez Guillen, Ernesto J."]
[Black "Ibarra Jerez, Jose Carlos"]
[WhiteFideId "3512428"]
[BlackFideId "2226332"]
[WhiteElo "2423"]
[BlackElo "2638"]
[Result "0-1"]
[Round "10"]
[TimeControl "180+2"]
[Date "2023.03.14"]
[WhiteClock "0:00:01"]
[BlackClock "0:00:29"]

1. e4 e5 2. f4 d5 3. exd5 exf4 4. Nf3 Nf6 5. Nc3 Nxd5 6. Bc4 Be6 7. Qe2 Be7 8. Bxd5 Bxd5 9. O-O Nc6 10. Ne5 Bc5+ 11. Kh1 O-O 12. Nxd5 Qxd5 13. Nxc6 Qxc6 14. c3 Rae8 15. Qg4 f3 16. gxf3 Re2 17. d4 Bd6 18. Bf4 Rxb2 19. Rg1 g6 20. Rae1 Qxc3 21. Bxd6 cxd6 22. Qf4 Qd2 23. Qxd6 Rxa2 24. Re4 Rc8 25. Qg3 a5 26. Rge1 Rcc2 27. Re8+ Kg7 0-1


[Site "https://www.chess.com"]

[Event "Titled Tuesday Blitz March 14 Early 2023"]
[White "Dehtiarov, Roman"]
[Black "Zahid, Sanatan"]
[WhiteFideId "14186640"]
[BlackFideId "10201963"]
[WhiteElo "2162"]
[BlackElo "1865"]
[Result "0-1"]
[Round "10"]
[TimeControl "180+2"]
[Date "2023.03.14"]
[WhiteClock "0:00:52"]
[BlackClock "0:01:36"]

1. e4 e6 2. d3 c5 3. Nc3 Nc6 4. f4 d5 5. g3 Nf6 6. Bg2 Be7 7. e5 Nd7 8. Nf3 O-O 9. O-O Rb8 10. Ne2 d4 11. Nd2 Nb6 12. Qe1 Nd5 13. Ne4 b6 14. g4 Ncb4 15. Qd1 f5 16. gxf5 exf5 17. N4g3 Be6 18. a3 Nc6 19. Qe1 Qe8 20. Qf2 Qf7 21. Bf3 Kh8 22. Kh1 Rbd8 23. Rg1 g6 24. Bd2 Qg7 25. Rg2 Qh6 26. Rag1 Bh4 27. Qf1 Nce7 28. Qc1 a5 29. Be1 Ne3 30. Rf2 N7d5 31. Bd2 a4 32. Bg2 Bxg3 33. Nxg3 Ng4 34. h3 Nxf2+ 35. Kh2 Ng4+ 36. Kh1 Nge3 37. Kh2 Qxf4 38. Rf1 Nxf1+ 0-1


[Site "https://www.chess.com"]

[Event "Titled Tuesday Blitz March 14 Early 2023"]
[White "Pakleza, Zbigniew"]
[Black "Csonka, Balazs"]
[WhiteFideId "1119290"]
[BlackFideId "742910"]
[WhiteElo "2410"]
[BlackElo "2404"]
[Result "0-1"]
[Round "10"]
[TimeControl "180+2"]
[Date "2023.03.14"]
[WhiteClock "0:00:03"]
[BlackClock "0:00:08"]

1. d4 d5 2. Bf4 c5 3. e3 cxd4 4. exd4 Nc6 5. c3 f6 6. Nf3 Bf5 7. Bd3 Bxd3 8. Qxd3 Qd7 9. Nbd2 g5 10. Bg3 Nh6 11. O-O-O Nf5 12. Rhe1 Bg7 13. Kb1 O-O-O 14. Nb3 b6 15. Re2 h6 16. Rde1 Nxg3 17. hxg3 e5 18. dxe5 fxe5 19. Qg6 Rhg8 20. Rd1 Kb8 21. Qh7 Rh8 22. Qc2 Qf7 23. a4 a5 24. Red2 Rd7 25. Qd3 Rhd8 26. Qb5 Kc7 27. Ka2 Na7 28. Qa6 Nc6 29. Qb5 Na7 30. Qa6 Nc6 31. g4 d4 32. Qb5 dxc3 33. bxc3 Rxd2+ 34. Rxd2 Rxd2+ 35. Nxd2 Qxf2 36. Qc4 e4 37. Qxe4 Bxc3 38. Qh7+ Kb8 39. Qg8+ Kb7 40. Qf7+ Qxf7 0-1


[Site "https://www.chess.com"]

[Event "Titled Tuesday Blitz March 14 Early 2023"]
[White "Hambleton, Aman"]
[Black "Matinian, Nikita"]
[WhiteFideId "2606577"]
[BlackFideId "24129100"]
[WhiteElo "2511"]
[BlackElo "2422"]
[Result "1-0"]
[Round "10"]
[TimeControl "180+2"]
[Date "2023.03.14"]
[WhiteClock "0:00:03"]
[BlackClock "0:00:05"]

1. d4 Nf6 2. Bf4 g6 3. Nc3 d5 4. e3 c6 5. h4 h5 6. Nf3 Bf5 7. Ne5 Nbd7 8. Bd3 Bxd3 9. Qxd3 Rc8 10. Nxg6 Rg8 11. Nxf8 Nxf8 12. Bg5 N6d7 13. O-O-O Qa5 14. e4 Ne6 15. g3 Nb6 16. Kb1 Nc4 17. Bc1 Rg4 18. Rhe1 Qb4 19. b3 Nd6 20. f3 Rxg3 21. exd5 cxd5 22. Nxd5 Qb5 23. Qxb5+ Nxb5 24. Bb2 Rxf3 25. c4 Nd6 26. Ba3 Nf5 27. Re4 b6 28. Nxe7 Nxe7 29. d5 Rf4 30. Rde1 Rxe4 31. Rxe4 Nc5 32. Bxc5 Rxc5 33. d6 Kf8 34. Rxe7 Rc6 35. Rd7 Ke8 36. Re7+ Kf8 37. Rxa7 Rxd6 38. Kc2 Kg7 39. a4 Kg6 40. Rc7 f5 41. c5 bxc5 42. Rxc5 Rf6 43. Kd3 f4 44. Ke2 f3+ 45. Kf2 Rf4 46. Rc4 Rf5 47. b4 Kf6 48. b5 Ke6 49. b6 Kd5 50. Rb4 Rf8 51. b7 Rb8 52. a5 Kc5 53. Rb2 Kc6 54. a6 Kc7 55. a7 Rxb7 56. Rc2+ 1-0


[Site "https://www.chess.com"]

[Event "Titled Tuesday Blitz March 14 Early 2023"]
[White "Al-Tarboush, Ward"]
[Black "Santos Ruiz, Miguel"]
[WhiteFideId "7601450"]
[BlackFideId "22291482"]
[WhiteElo "2257"]
[BlackElo "2504"]
[Result "0-1"]
[Round "10"]
[TimeControl "180+2"]
[Date "2023.03.14"]
[WhiteClock "0:00:04"]
[BlackClock "0:00:13"]

1. e4 c5 2. Nf3 Nc6 3. d4 cxd4 4. Nxd4 e6 5. Nc3 Qc7 6. Be3 a6 7. Qd2 b5 8. Bf4 Ne5 9. O-O-O Nf6 10. Ndxb5 axb5 11. Nxb5 Qc5 12. b4 Qb6 13. Bxe5 Rxa2 14. Bc4 Ra4 15. c3 Qc6 16. Qd3 Nxe4 17. Nc7+ Kd8 18. Bb5 Nxf2 19. Qd4 Ra1+ 20. Kc2 Rxd1 21. Rxd1 Qe4+ 22. Qxe4 Nxe4 23. Bc6 Nf6 24. Nb5 Be7 25. Bf3 d5 26. c4 Bd7 27. Nd6 Ba4+ 28. Kc1 Bxd6 29. Bxd6 Bxd1 30. Kxd1 dxc4 31. b5 Kd7 32. Be5 Nd5 33. Be2 f6 34. Bg3 e5 35. Kc2 Rb8 36. Bf2 Rxb5 37. Bxc4 Nc7 38. Bxb5+ Nxb5 39. Kd3 Nd6 40. Ke3 Ke6 41. Be1 f5 42. Bb4 g5 43. h3 h5 44. Bc5 g4 45. Bb4 f4+ 46. Ke2 e4 47. Bd2 Kf5 48. Bb4 Nf7 49. Be7 Ng5 50. hxg4+ hxg4 51. g3 f3+ 52. Ke3 Nh7 53. Bd8 Nf6 54. Kf2 Nd5 55. Bh4 e3+ 56. Kf1 Ke4 57. Bg5 Kd3 58. Bh6 e2+ 59. Kf2 Nc3 60. Bf4 Ne4+ 61. Kg1 f2+ 62. Kg2 f1=Q+ 63. Kh2 Qh3+ 64. Kg1 e1=Q# 0-1


[Site "https://www.chess.com"]

[Event "Titled Tuesday Blitz March 14 Early 2023"]
[White "Timofeev, Artyom"]
[Black "Gontcharov, Vladislav"]
[WhiteFideId "4140419"]
[BlackFideId "4123492"]
[WhiteElo "2586"]
[BlackElo "2470"]
[Result "0-1"]
[Round "10"]
[TimeControl "180+2"]
[Date "2023.03.14"]
[WhiteClock "0:00:04"]
[BlackClock "0:00:07"]

1. e4 e6 2. Qe2 c5 3. Nf3 Nc6 4. g3 g6 5. Bg2 Bg7 6. c3 d6 7. h4 h6 8. O-O Nge7 9. d3 O-O 10. d4 cxd4 11. cxd4 Qb6 12. Nc3 Nxd4 13. Nxd4 Qxd4 14. Nb5 Qe5 15. f4 Qc5+ 16. Be3 Qb4 17. a3 Qxb2 18. Qxb2 Bxb2 19. Rab1 Bg7 20. Nc7 Rb8 21. Bxa7 Bd7 22. Bxb8 Rxb8 23. Rfd1 Nc8 24. Bf1 Bc6 25. Bg2 Bf8 26. Rdc1 Na7 27. Na6 Ra8 28. Nb4 Be8 29. e5 d5 30. Bf1 b6 31. Kg2 Bc5 32. Rb3 Nb5 33. Ra1 Nd4 34. Rb2 Bxb4 35. Rxb4 Nc2 36. Rbb1 Nxa1 37. Rxa1 b5 38. Rb1 Rxa3 39. Bxb5 Bxb5 40. Rxb5 h5 41. Rb8+ Kg7 42. Rd8 Re3 43. Kf2 Ra3 44. Kg2 Ra7 45. Kf2 f6 46. exf6+ Kxf6 47. Kf3 Ra3+ 48. Kf2 Kf5 49. Rf8+ Kg4 50. Rf6 Rf3+ 51. Ke2 Rxg3 52. Rxg6+ Kxf4 53. Rxe6 d4 54. Kf2 Rd3 55. Rg6 Rd2+ 56. Ke1 Rh2 57. Rd6 Ke3 58. Re6+ Kd3 59. Ra6 Rxh4 60. Ra3+ Ke4 61. Rb3 Rh2 62. Kf1 Rc2 63. Ke1 Rh2 64. Kf1 d3 65. Rb8 d2 66. Re8+ Kf4 67. Rf8+ Ke4 68. Re8+ Kd3 69. Rd8+ Kc2 70. Rc8+ Kd1 71. Kg1 Rh4 72. Kf1 Rg4 73. Kf2 Rf4+ 74. Ke3 Rf7 75. Rd8 Ke1 76. Rxd2 Re7+ 77. Kf4 Kxd2 78. Kg5 Ke3 79. Kxh5 Rg7 80. Kh6 Rg1 0-1


[Site "https://www.chess.com"]

[Event "Titled Tuesday Blitz March 14 Early 2023"]
[White "Aditya Mittal"]
[Black "Rosen, Eric"]
[WhiteFideId "35042025"]
[BlackFideId "2032562"]
[WhiteElo "2396"]
[BlackElo "2331"]
[Result "1-0"]
[Round "10"]
[TimeControl "180+2"]
[Date "2023.03.14"]
[WhiteClock "0:00:21"]
[BlackClock "0:00:02"]

1. d4 d5 2. c4 e6 3. Nf3 Nf6 4. Nc3 Nbd7 5. cxd5 exd5 6. Bg5 c6 7. e3 Be7 8. Bd3 O-O 9. O-O Re8 10. Qc2 Nf8 11. h3 Ng6 12. Ne5 Nd7 13. Bxe7 Qxe7 14. f4 Ndf8 15. Rae1 f6 16. Nxg6 hxg6 17. Bxg6 Nxg6 18. Qxg6 b5 19. e4 b4 20. e5 Qf7 21. Qxf7+ Kxf7 22. Na4 a5 23. Nc5 a4 24. g4 Ba6 25. Nxa6 Rxa6 26. Rc1 Ke6 27. Rfe1 Kd7 28. exf6 gxf6 29. Rxe8 Kxe8 30. Kf2 Kd7 31. h4 Ra8 32. h5 Rg8 33. Kg3 Rh8 34. Kh4 a3 35. bxa3 bxa3 36. Rc3 Re8 37. Rxa3 Re4 38. h6 Rxf4 39. h7 Rf1 40. h8=Q Rh1+ 41. Rh3 Rxh3+ 42. Kxh3 Kc7 43. Qxf6 Kb6 44. g5 Kb5 45. Qd6 c5 46. Qxc5+ Ka4 47. Qxd5 1-0


[Site "https://www.chess.com"]

[Event "Titled Tuesday Blitz March 14 Early 2023"]
[White "Vlassov, Nikolai"]
[Black "Yuan, Qingyu"]
[WhiteFideId "4103360"]
[BlackFideId "8609772"]
[WhiteElo "2324"]
[BlackElo "2359"]
[Result "1-0"]
[Round "10"]
[TimeControl "180+2"]
[Date "2023.03.14"]
[WhiteClock "0:00:04"]
[BlackClock "0:00:02"]

1. e4 e5 2. Bc4 Nf6 3. d3 Nc6 4. Nf3 Bc5 5. Bg5 h6 6. Bh4 Be7 7. Nc3 d6 8. Bxf6 Bxf6 9. Nd5 Na5 10. Qe2 c6 11. Nxf6+ Qxf6 12. h3 Qg6 13. O-O-O b5 14. Bb3 Nxb3+ 15. axb3 c5 16. Nd2 O-O 17. Nf1 a5 18. Ne3 a4 19. bxa4 Rxa4 20. Kd2 Be6 21. Ra1 Rfa8 22. Rxa4 Rxa4 23. Rb1 Qg5 24. Ke1 Qf4 25. g3 Qf6 26. h4 Bh3 27. Nd5 Qd8 28. f4 Be6 29. Nc3 Ra5 30. f5 Bd7 31. Kf2 Bc6 32. b4 Ra3 33. Nd1 d5 34. bxc5 dxe4 35. Rb3 Rxb3 36. cxb3 exd3 37. Qxe5 d2 38. Qd6 Qe8 39. Qxd2 Qe4 40. Qf4 Qc2+ 41. Ke1 Qxb3 42. Qd6 1-0


[Site "https://www.chess.com"]

[Event "Titled Tuesday Blitz March 14 Early 2023"]
[White "Safin, Robert"]
[Black "Molina, Roberto Junio Brito"]
[WhiteFideId "34189120"]
[BlackFideId "2109450"]
[WhiteElo "2245"]
[BlackElo "2376"]
[Result "1-0"]
[Round "10"]
[TimeControl "180+2"]
[Date "2023.03.14"]
[WhiteClock "0:00:11"]
[BlackClock "0:01:03"]

1. e4 c6 2. d4 d5 3. exd5 cxd5 4. c4 Nf6 5. Nc3 e6 6. Nf3 Be7 7. Bg5 O-O 8. a3 dxc4 9. Bxc4 a6 10. O-O b5 11. Ba2 Bb7 12. Re1 Nc6 13. Qd3 b4 14. Na4 bxa3 15. bxa3 Na5 16. Ne5 Bd5 17. Bxd5 Nxd5 18. Bxe7 Nxe7 19. Nc5 Nac6 20. Rad1 Nxe5 21. Rxe5 a5 22. h3 Ra7 23. Qc4 Qd6 24. Rde1 Rc7 25. Qb3 Qxd4 26. Nxe6 fxe6 27. Rxe6 Qd5 28. Qg3 Rc1 29. Rxe7 Rxe1+ 30. Rxe1 Qc5 31. Qe3 Qd6 32. Qe6+ Qxe6 33. Rxe6 Rf4 34. Re3 Rc4 35. Rf3 g6 36. g3 Kg7 37. Kg2 Rc2 38. h4 Rb2 39. g4 h6 40. Kg3 a4 41. Re3 Kf6 42. Kf3 g5 43. hxg5+ hxg5 44. Kg3 Rb3 45. Kf3 Rb2 46. Kg3 Kf7 47. Kf3 Kg6 48. Kg3 Kf6 49. Rf3+ Ke5 50. Rf5+ Kd4 51. Rxg5 Rb3+ 52. Kf4 Rxa3 53. Ra5 Kc4 54. g5 Kb4 55. Ra8 Ra1 56. Kf5 a3 57. g6 Rg1 58. f4 Kb3 59. Kf6 a2 60. f5 a1=Q+ 61. Rxa1 Rxa1 62. g7 Ra6+ 63. Kf7 Ra7+ 64. Kg6 Ra1 65. g8=Q+ Kc3 66. Qh8+ Kd3 67. Qxa1 Ke4 68. Qb1+ Kf4 69. Qc1+ Ke5 70. Qb1 Kf4 71. f6 Ke5 72. f7 Ke6 73. Kg7 Kd7 74. Qc2 Ke7 75. Qe2+ Kd6 76. f8=Q+ Kd7 77. Qf5+ Kc6 78. Qee6+ Kb7 79. Qff7+ Kb8 80. Qee8# 1-0


[Site "https://www.chess.com"]